 Dungeon Crawl Stone Soup version 0.22-a0-322-g60b3cfd (webtiles) character file.

181 xccam the Chopper (level 5, -15/41 HPs)
             Began as a Formicid Fighter on Apr 2, 2018.
             Demolished by an ogre
             ... wielding a +0 giant club
              (26 damage)
             ... on level 4 of the Dungeon.
             The game lasted 00:02:59 (1871 turns).

xccam the Chopper (Formicid Fighter)                Turns: 1871, Time: 00:02:59

Health: -15/41     AC:  8    Str: 26    XL:     5   Next: 92%
Magic:  5/5        EV:  8    Int:  8    God:
Gold:   187        SH: 10    Dex: 10    Spells: 4/4 levels left

rFire    . . .     SeeInvis +   a - +0 war axe
rCold    . . .     Gourm    .   c - +0 shield
rNeg     . . .     Faith    .   b - +0 scale mail
rPois    .         Spirit   .   (helmet unavailable)
rElec    .         Reflect  .   (no cloak)
rCorr    .         Harm     .   k - +0 pair of gloves
MR       .....                  (no boots)
Stlth    ..........             (no amulet)
HPRegen  0.13/turn              (no ring)
MPRegen  0.09/turn              (no ring)

@: mighty
A: permanent stasis, dig shafts and tunnels, four strong arms, antennae 3
a: Dig, Shaft Self


You were on level 4 of the Dungeon.
You were not hungry.

You visited 1 branch of the dungeon, and saw 4 of its levels.

You collected 187 gold pieces.

Inventory:

Hand Weapons
 a - a +0 war axe (weapon)
Armour
 b - a +0 scale mail (worn)
 c - a +0 shield (worn)
 k - a +0 pair of gloves (worn)
Jewellery
 i - an uncursed amulet of the acrobat {unknown}
 n - an uncursed amulet of harm {unknown}
Scrolls
 g - 4 scrolls of teleportation {unknown}
 h - a scroll of fear {unknown}
 o - 2 scrolls of amnesia {unknown}
 p - a scroll of immolation {unknown}
 s - 2 scrolls of identify {unknown}
Potions
 e - 2 potions of curing {unknown}
 j - a potion of lignification {unknown}
 l - a potion of agility {unknown}
 m - a potion of heal wounds {unknown}
 q - a potion of flight {unknown}
 r - a potion of brilliance {unknown}
Comestibles
 f - a ration


   Skills:
 - Level 3.2 Fighting
 + Level 5.6 Axes
 - Level 3.2 Armour
 - Level 3.6 Shields


You had 4 spell levels left.
You didn't know any spells.

Dungeon Overview and Level Annotations

Branches:
Dungeon (4/15)
 Temple: D:4-7

Altars:
Hepliaklqana
Makhleb
Okawaru
Yredelemnul


Innate Abilities, Weirdness & Mutations

You cannot be hasted, slowed, berserked, paralysed or teleported.
You can dig through walls and to a lower floor.
Your four strong arms can wield two-handed weapons with a shield.
You have a pair of large antennae on your head. (SInv)


Message History

You are too injured to fight recklessly!
You are too injured to fight recklessly!
You are too injured to fight recklessly!
You are too injured to fight recklessly!
You are too injured to fight recklessly!
You are too injured to fight recklessly!
You are too injured to fight recklessly!
You are too injured to fight recklessly!
You are too injured to fight recklessly!
You are too injured to fight recklessly!
You are too injured to fight recklessly!
You are too injured to fight recklessly!
You see here a steel tomahawk.
You feel very mighty all of a sudden. The ogre completely misses you.
You barely miss the ogre.
The ogre is lightly wounded.
The ogre hits you with a giant club!!
Ouch! That really hurt!
You die...

#.......#
#.......#
#.......#
#.......#
#.......#
#..))..# #(#.#
#O#.# ####.##@#.#
..........#
####.###..#####.#
#. #....(....
##.#.###.#######>
.......<.#
##.#.#...# #....#
##...#


You could see an ogre.

Vanquished Creatures
  An orc priest (D:3)
  Terence (D:2)
  4 adders
  2 oozes
  A dart slug (D:1)
  4 leopard geckos
  9 orcs
  A ball python (D:3)
  6 bats
  A giant cockroach (D:1)
  2 gnoll zombies (D:3)
  8 goblins
  5 hobgoblins
  6 kobolds
  A quokka (D:2)
  3 frilled lizards
  10 rats
65 creatures vanquished.

Notes
Turn   | Place    | Note
-------+----------+-------------------------------------------
     0 | D:1      | xccam the Formicid Fighter began the quest for the Orb.
     0 | D:1      | Reached XP level 1. HP: 18/18 MP: 1/1
   104 | D:1      | Reached XP level 2. HP: 17/24 MP: 2/2
   177 | D:1      | Reached skill level 3 in Axes
   373 | D:1      | Reached XP level 3. HP: 29/29 MP: 3/3
   738 | D:2      | Reached skill level 4 in Axes
   738 | D:2      | Reached XP level 4. HP: 30/35 MP: 4/4
   748 | D:2      | Found an iron altar of Okawaru.
   796 | D:2      | Noticed Terence
   806 | D:2      | Killed Terence
   941 | D:2      | Reached XP level 5. HP: 27/41 MP: 5/5
  1300 | D:2      | Found a hazy altar of Hepliaklqana.
  1411 | D:3      | Reached skill level 5 in Axes
  1699 | D:3      | Found a burning altar of Makhleb.
  1797 | D:3      | Found a basalt altar of Yredelemnul.
  1859 | D:4      | Noticed an ogre
  1871 | D:4      | Demolished by an ogre

Vault maps used:
D:1:      minmay_arrival_widening_spiral_wide
D:2:      marbit_many_paths, kennysheep_okawaru_gauntlet, uniq_terence
D:3:      lemuel_zombie_altar_yredelemnul, nicolae_overflow_hidden_temple
D:4:      lemuel_crystal_altar

Skill      XL: |  1  2  3  4  5 |
---------------+----------------+-----
Axes           | 3 4 5 |  5.6
Fighting       | |  3.2
Armour         | |  3.2
Shields        | |  3.6

Action                   |  1- 3 |  4- 6 || total
-------------------------+-------+-------++-------
Melee: War axe           |    68 |   123 ||   191
  Use: Potion            |       |     2 ||     2
  Eat: Chunk             |       |     3 ||     3
Armor: Scale mail        |    38 |    48 ||    86
Dodge: Dodged            |    22 |    39 ||    61
Block: Shield            |    40 |    79 ||   119

Table legend:
 A = Spawn XP
 B = Non-spawn XP
 C = Spawn XP percentage of total XP
 D = Spawn monster count
 E = Non-spawn monster count
 F = Spawn count percentage of total count
 G = Total turns spent on level
                    A         B        C        D         E        F      G
               +---------+---------+-------+---------+---------+-------+---------
         Total |       0 |     259 |   0.0 |       0 |      65 |   0.0 |  1871
               +---------+---------+-------+---------+---------+-------+---------
           D:1 |       0 |      47 |   0.0 |       0 |      24 |   0.0 |   642
           D:2 |       0 |     108 |   0.0 |       0 |      20 |   0.0 |   763
           D:3 |       0 |      85 |   0.0 |       0 |      16 |   0.0 |   448
           D:4 |       0 |      19 |   0.0 |       0 |       5 |   0.0 |    18
               +---------+---------+-------+---------+---------+-------+---------
